 Dungeon Crawl Stone Soup version 0.32-a0-999-gfa1cc04b1d (webtiles) character file.

Game seed: 5745019410497077313

97 DrKenneth the Trooper (level 4, -7/41 HPs)
             Began as a Minotaur Fighter on Apr 25, 2024.
             Killed by divine providence
             ... invoked by an orc priest
              (17 damage)
             ... on level 3 of the Dungeon.
             The game lasted 00:05:00 (1675 turns).

DrKenneth the Trooper (Minotaur Fighter)            Turns: 1675, Time: 00:05:01

Health: -7/41      AC:  8    Str: 23    XL:     4   Next: 42%
Magic:  3/3        EV:  8    Int:  5    God:
Gold:   177        SH:  4    Dex:  9    Spells: 3/3 levels left

rFire   . . .        a - +0 war axe
rCold   . . .        c - +0 buckler
rNeg    . . .        b - +0 scale mail
rPois   .            (helmet restricted)
rElec   .            (no cloak)
rCorr   .            (no gloves)
SInv    .            i - +0 pair of boots
Will    .....        (no amulet) Stlth
                     (no ring)
HPRegen 0.26/turn    (no ring)
MPRegen 0.08/turn

%: no passive effects
@: no status effects
A: horns 2, retaliatory headbutt
a: Convert to Beogh


You were on level 3 of the Dungeon.
You visited 1 branch of the dungeon, and saw 3 of its levels.

You collected 177 gold pieces.

Inventory:

Hand Weapons
 a - a +0 war axe (weapon)
Armour
 b - a +0 scale mail (worn)
 c - a +0 buckler (worn)
 i - a +0 pair of boots (worn)
Scrolls
 e - a scroll of blinking {unknown}
 f - a scroll of revelation {unknown}
 l - 2 scrolls of identify {unknown}
 n - a scroll of teleportation {unknown}
 o - a scroll of fear {unknown}
Potions
 d - 2 potions of might
 g - a potion of resistance {unknown}
 h - a potion of brilliance {unknown}
 j - a potion of curing {unknown}
 k - a potion of lignification {unknown}
 m - a potion of haste {unknown}


   Skills:
 + Level 4.5 Fighting
 + Level 3.5 Axes
 + Level 4.4 Armour
 + Level 4.4 Shields


You had 3 spell levels left.
You didn't know any spells.
Your spell library contained the following spells:

 Spells                   Type           Power      Damage    Failure   Level
 Call Canine Familiar     Summ           0%         N/A       99%         3
 Sigil of Binding         Hex            0%         N/A       99%         3
 Dimensional Bullseye     Hex/Tloc       0%         N/A       100%        4


Dungeon Overview and Level Annotations

Branches:
Dungeon (3/15)

Altars:


Innate Abilities, Weirdness & Mutations

You have a pair of horns on your head.
You reflexively headbutt those who attack you in melee.


Message History

The orc priest hits you with a +0 hand axe.
The orc priest hits you but does no damage.
Something hits you.
You closely miss the orc priest. Your headbutt misses the orc priest.
The orc priest is moderately wounded.
You miss something. Something hits you.
The orc priest hits you but does no damage.
The orc priest threatens, "Beogh's wrath is as vast as their mercy.
Make your choice!" (press Y on the ability menu to convert to Beogh)
You hit the orc priest. You headbutt the orc priest.
The orc priest is severely wounded.
You miss something. Something hits you but does no damage.
The orc priest mumbles some strange prayers to Beogh against you.
Beogh smites you!
* * * LOW HITPOINT WARNING * * *
You completely miss the orc priest.
The orc priest is severely wounded.
You miss something.
You hear some strange, mumbled words.
A magic dart appears from out of thin air!
The magic dart hits you but does no damage.
The orc priest hits you but does no damage.
You block the orc priest's attack. Something hits you but does no damage.
The orc priest shouts, "Beogh offers mercy even to people such as you.
Join us and be reborn!"
You closely miss the orc priest.
The orc priest is severely wounded.
You closely miss something. You block something's attack.
The orc priest hits you but does no damage.
Unknown command.
You barely miss the orc priest. Your headbutt misses the orc priest.
The orc priest is severely wounded.
You barely miss something. Something hits you but does no damage.
The orc priest completely misses you.
You completely miss the orc priest.
The orc priest is severely wounded.
You miss something. Something hits you.
* * * LOW HITPOINT WARNING * * *
The orc priest mumbles some strange prayers to Beogh against you.
Beogh smites you!
You die...

######## #......#
#......# ###......### .
####........#.. ...
###.##.#........#
.....###...##...........
......o@.##>.##........(
......{)###..##.........
.....#.....##...........
.... #.###. #.#.........
... .. #. ##..........
.. ### ... ..#........ #
##. ##........ #..
#....))... #.##.........


You could see an orc priest.

Vanquished Creatures
  An adder (D:2)
  4 gnolls (D:3)
  2 dart slugs (D:1)
  3 orcs (D:3)
  A giant cockroach (D:1)
  5 hobgoblins
  4 jackals (D:2)
  A quokka (D:1)
  3 ball pythons
  6 bats
  3 frilled lizards
  5 goblins
  5 kobolds
  2 rats
45 creatures vanquished.

Notes
Turn   | Place    | Note
-------+----------+-------------------------------------------
     0 | D:1      | DrKenneth the Minotaur Fighter began the quest for the Orb.
     0 | D:1      | Reached XP level 1. HP: 19/19 MP: 0/0
   309 | D:1      | Reached XP level 2. HP: 20/27 MP: 1/1
   867 | D:2      | Reached XP level 3. HP: 28/33 MP: 2/2
  1185 | D:2      | Identified the +6 short sword of the Jester {vamp, rElec
                  | rF++ MP-9 SInv}
  1548 | D:3      | Reached XP level 4. HP: 22/41 MP: 3/3
  1675 | D:3      | Killed from afar by an orc priest

Illustrated notes

Levels and vault maps discovered:
D:1:      kennysheep_arrival_seaside, layout_loops_ring
D:2:      layout_loops_ring
D:3:      layout_rooms, mainiacjoe_overflow_surrounded_room,
          lemuel_coloured_pillars_altar, serial_rivers,
          chequers_serial_rivers_micro_d, chequers_serial_rivers_micro_b,
          chequers_serial_rivers_micro_d, chequers_serial_rivers_micro_a,
          serial_shops, shop, st_stairs_7

Skill      XL: |  1  2 |
---------------+-------+-----
Fighting       | 4 |  4.5
Axes           | 3 |  3.5
Armour         | 4 |  4.4
Shields        | 4 |  4.4

Action                     |  1- 3 |  4- 6 || total
---------------------------+-------+-------++-------
  Melee: War axe           |    94 |    14 ||   108
         Headbutt          |    12 |     2 ||    14
 Armour: Scale mail        |    88 |    17 ||   105
  Dodge: Dodged            |    29 |     4 ||    33
  Block: Buckler           |    27 |     6 ||    33

Table legend: (Time is in decaauts)
 A = Elapsed time spent in this place.
 B = Non-inter-level travel time spent in this place.
 C = Inter-level travel time spent in this place.
 D = Time resting spent in this place.
 E = Time spent auto-exploring this place.
 F = Levels seen in this place.
 G = Mean time per level.
                   A        B        C        D        E       F      G
               +--------+--------+--------+--------+--------+-----+--------+
         Total |   1716 |   1553 |    163 |    141 |   1106 |   3 |  572.0 |
       Dungeon |   1716 |   1553 |    163 |    141 |   1106 |   3 |  572.0 |
               +--------+--------+--------+--------+--------+-----+--------+

Top non-repeatable levels by time:
     D:1: 861 daAuts
     D:2: 666 daAuts
     D:3: 188 daAuts
